 Dungeon Crawl Stone Soup version 0.22-a0-402-ga933591 (webtiles) character file.

2123 Borgoz the Covered (level 9, -1/57 HPs)
             Began as a Gargoyle Fighter on May 7, 2018.
             Was an Initiate of Ashenzari.
             Killed by divine providence
             ... invoked by an orc priest
              (14 damage)
             ... on level 9 of the Dungeon.
             The game lasted 00:14:22 (7687 turns).

Borgoz the Covered (Gargoyle Fighter)               Turns: 7687, Time: 00:14:23

Health: -1/57      AC: 15    Str: 19    XL:     9   Next: 29%
Magic:  9/9        EV:  8    Int: 10    God:    Ashenzari [......]
Gold:   385        SH: 10    Dex: 12    Spells: 8/8 levels left

rFire    . . .     SeeInvis .   a - +0 flail (curse)
rCold    . . .     Gourm    .   c - +0 shield
rNeg     + . .     Faith    .   b - +1 scale mail (curse)
rPois    ∞         Spirit   .   (no helmet)
rElec    +         Reflect  .   (no cloak)
rCorr    .         Harm     .   (no gloves)
MR       .....                  (no boots)
Stlth    +.........             (no amulet)
HPRegen  0.19/turn              p - ring of wizardry
MPRegen  0.11/turn              u - ring of stealth

@: no status effects
A: negative energy resistance 1, electricity resistance, unbreathing,
petrification resistance, rot immunity, AC +6
a: Curse Item, Renounce Religion


You were on level 9 of the Dungeon.
You worshipped Ashenzari.
Ashenzari was noncommittal.
You were hungry.

You visited 2 branches of the dungeon, and saw 10 of its levels.

You collected 502 gold pieces.
You spent 117 gold pieces at shops.

Inventory:

Hand Weapons
 a - a cursed +0 flail (weapon)
Armour
 b - a cursed +1 scale mail (worn)
 c - a +0 shield (worn)
Jewellery
 h - an uncursed ring of wizardry
 o - an uncursed ring of flight
 p - a ring of wizardry (left hand)
 u - a ring of stealth (right hand)
Wands
 m - a wand of flame (11)
 x - a wand of random effects (34)
Scrolls
 g - 3 scrolls of fog
 j - a scroll of noise
 l - 2 scrolls of enchant weapon
 r - a scroll of identify
 s - 2 scrolls of teleportation
 t - 2 scrolls of amnesia
 v - a scroll of fear
 y - a scroll of remove curse
Potions
 d - 4 potions of curing
 e - a potion of haste
 i - a potion of resistance
 k - a potion of degeneration
 n - 3 potions of flight
 q - 2 potions of mutation
 w - a potion of brilliance
Comestibles
 f - 13 rations


   Skills:
 + Level 7.3 Fighting
 + Level 6.3 Maces & Flails
 + Level 7.3 Armour
 + Level 7.3 Shields


You had 8 spell levels left.
You didn't know any spells.

Dungeon Overview and Level Annotations

Branches:
Dungeon (9/15)             Temple (1/1) D:7             Orc (0/2) D:9
   Lair: D:8-11

Altars:
Ashenzari
Dithmenos
Elyvilon
Fedhas
Gozag
Hepliaklqana
Kikubaaqudgha
Makhleb
Nemelex Xobeh
Okawaru
Qazlal
Ru
Sif Muna
Trog
Uskayaw
Vehumet
Wu Jian
Xom
Yredelemnul
Zin
The Shining One

Shops:
D:8 ?


Innate Abilities, Weirdness & Mutations

You are resistant to torment.
Your stone body is resilient. (AC +6)
You are immune to poison.
You resist negative energy. (rN+)
You are resistant to electric shocks. (rElec)
You can survive without breathing.
You are immune to petrification.
You are immune to rotting.


Message History

You block the orc priest's attack.
You hit the orc priest but do no damage.
The orc priest is moderately wounded.
The orc priest barely misses you.
You completely miss the orc priest.
The orc priest is moderately wounded.
The orc priest looks braver for a moment.
You completely miss the orc priest.
The orc priest is moderately wounded.
The orc priest mumbles some strange prayers to Beogh against you.
Beogh smites you!
* * * LOW HITPOINT WARNING * * *
You hit the orc priest.
The orc priest is heavily wounded.
You block the orc priest's attack.
You sock the orc priest!
The orc priest is almost dead.
The orc priest mumbles some strange prayers to Beogh against you.
Beogh smites you!
You die...

###########
...Z...o..#
###.#####.#
..##### #.#
.....#.##Z##
....o#..)).#
......###..#######
....8..........o.#
......###...####@#
.....###.....###.#
.....# #......##.#
..### #......##.#
... ###........#
.. #.......####
#.####..# #
####..#
###.#.....#


You could see an orc priest.

Vanquished Creatures
  The ghost of Mgcat the Changer, an amateur MfTm (D:4)
  Sigmund (D:2)
  3 sky beasts
  A black bear (D:6)
  An ogre (D:6)
  3 centaurs
  2 bullfrogs (D:6)
  2 scorpions
  2 howler monkeys
  2 crimson imps
  A jelly (D:9)
  A centaur zombie (D:5)
  A hound (D:6)
  2 orc priests (D:4)
  3 orc wizards (D:4)
  An iguana (D:7)
  Jessica (D:2)
  Natasha (thrice) (D:2)
  5 worker ants
  A hound zombie (D:7)
  6 adders
  5 shadow imps
  An ooze (D:3)
  An adder zombie (D:6)
  A worm (D:2)
  An adder skeleton (D:4)
  5 dart slugs
  A leopard gecko (D:1)
  12 orcs
  2 giant cockroaches (D:2)
  9 goblins
  5 hobgoblins
  14 jackals
  6 quokkas
  2 ball pythons
  3 bats
  6 frilled lizards
  6 kobolds
  A leopard gecko skeleton (D:4)
  11 rats
135 creatures vanquished.

Notes
Turn   | Place    | Note
-------+----------+-------------------------------------------
     0 | D:1      | Borgoz the Gargoyle Fighter began the quest for the Orb.
     0 | D:1      | Reached XP level 1. HP: 14/14 MP: 1/1
    90 | D:1      | Reached XP level 2. HP: 17/19 MP: 2/2
   346 | D:1      | Reached XP level 3. HP: 21/23 MP: 3/3
   690 | D:2      | Noticed Jessica
   767 | D:2      | Killed Jessica
   767 | D:2      | Reached XP level 4. HP: 25/29 MP: 4/4
   797 | D:2      | Noticed Sigmund
   823 | D:2      | Killed Sigmund
   823 | D:2      | Reached XP level 5. HP: 23/34 MP: 5/5
   823 | D:2      | Reached XP level 6. HP: 26/39 MP: 6/6
   928 | D:2      | Noticed Natasha
   938 | D:2      | Killed Natasha
  1019 | D:2      | Noticed Natasha
  1031 | D:2      | Killed Natasha
  1037 | D:2      | Noticed Natasha
  1045 | D:2      | Killed Natasha
  1402 | D:2      | You fall through a shaft!
  2220 | D:3      | Found a bloodstained altar of Trog.
  2220 | D:3      | Found a shimmering altar of Xom.
  2495 | D:4      | Reached skill level 5 in Armour
  2513 | D:4      | Reached skill level 5 in Shields
  2518 | D:4      | Reached skill level 5 in Fighting
  2527 | D:4      | Reached XP level 7. HP: 25/44 MP: 7/7
  2760 | D:4      | Noticed Mgcat's ghost (amateur MfTm)
  2791 | D:4      | Killed Mgcat's ghost
  3568 | D:5      | Entered Level 5 of the Dungeon
  3589 | D:4      | Reached XP level 8. HP: 39/51 MP: 8/8
  4473 | D:6      | Reached skill level 5 in Maces & Flails
  4681 | D:6      | Found an iron altar of Okawaru.
  5190 | D:6      | Reached XP level 9. HP: 54/56 MP: 9/9
  6443 | D:7      | Found a staircase to the Ecumenical Temple.
  6624 | Temple   | Entered the Ecumenical Temple
  6817 | Temple   | Became a worshipper of Ashenzari the Shackled
  7181 | D:8      | Found Upnasmoi's Magic Scroll Shoppe.
  7186 | D:8      | Bought a scroll of remove curse for 39 gold pieces
  7186 | D:8      | Bought a scroll of remove curse for 39 gold pieces
  7186 | D:8      | Bought a scroll of remove curse for 39 gold pieces
  7214 | D:8      | Noticed a two-headed ogre
  7550 | D:9      | Found a staircase to the Orcish Mines.
  7687 | D:9      | Killed from afar by an orc priest

Vault maps used:
D:1:      minmay_arrival_stair_chambers
D:2:      uniq_sigmund, uniq_natasha, uniq_jessica
D:3:      gammafunk_temple_overflow_wave, grunt_ministairs_7
D:4:      first_ration
D:5:      minmay_misc_feat_rows
D:6:      old_standard_altar, grunt_tough_drop
D:7:      kennysheep_six_static_rooms, temple_doors_cd
D:8:      cheibrodos_worm_habitat, serial_shops, nicolae_shop_waterfront,
          grunt_ogre_cave
D:9:      david_orc_2
Temple:   dpeg_five_rooms_temple

Skill      XL: |  1  2  3  4  5  6  7  8  9 |
---------------+----------------------------+-----
Fighting       | 4 5 6 7 |  7.3
Maces & Flails | 3 4 5 6 |  6.3
Armour         | 4 5 6 7 |  7.3
Shields        | 4 5 6 7 |  7.3

Action                   |  1- 3 |  4- 6 |  7- 9 || total
-------------------------+-------+-------+-------++-------
Melee: Flail             |    93 |    88 |   478 ||   659
       Whip              |       |   119 |       ||   119
Invok: Curse Item        |       |       |     2 ||     2
Evoke: Wand              |       |       |    14 ||    14
  Use: Potion            |       |     2 |     6 ||     8
       Scroll            |       |    13 |     5 ||    18
  Eat: Chunk             |       |     6 |     9 ||    15
       Ration            |       |       |     2 ||     2
Armor: Scale mail        |    54 |    89 |   279 ||   422
Dodge: Dodged            |    29 |    41 |   133 ||   203
Block: Shield            |    46 |    95 |   244 ||   385

Table legend:
 A = Spawn XP
 B = Non-spawn XP
 C = Spawn XP percentage of total XP
 D = Spawn monster count
 E = Non-spawn monster count
 F = Spawn count percentage of total count
 G = Total turns spent on level
                    A         B        C        D         E        F      G
               +---------+---------+-------+---------+---------+-------+---------
         Total |       0 |    3033 |   0.0 |       0 |     135 |   0.0 |  7687
               +---------+---------+-------+---------+---------+-------+---------
           D:1 |       0 |      56 |   0.0 |       0 |      29 |   0.0 |   753
           D:2 |       0 |     400 |   0.0 |       0 |      19 |   0.0 |  1009
           D:3 |       0 |      52 |   0.0 |       0 |      15 |   0.0 |   636
           D:4 |       0 |     814 |   0.0 |       0 |      24 |   0.0 |  1271
           D:5 |       0 |     136 |   0.0 |       0 |       9 |   0.0 |  1305
           D:6 |       0 |    1040 |   0.0 |       0 |      18 |   0.0 |   902
           D:7 |       0 |     343 |   0.0 |       0 |      14 |   0.0 |  1015
           D:8 |       0 |       2 |   0.0 |       0 |       1 |   0.0 |   109
           D:9 |       0 |     190 |   0.0 |       0 |       6 |   0.0 |   441
               +---------+---------+-------+---------+---------+-------+---------
